 Dungeon Crawl Stone Soup version 0.29.1-15-g9cfb28693d (webtiles) character file.

Game seed: 15115776420102044024

13680 firemarshallily the Fighter (level 11, -7/85 HPs)
             Began as a Demonspawn Gladiator on Mar 19, 2023.
             Was an Elder of Hepliaklqana.
             Mangled by Snorg (15 damage)
             ... on level 11 of the Dungeon.
             The game lasted 00:35:48 (11731 turns).

firemarshallily the Fighter (Demonspawn Gladiator) Turns: 11731, Time: 00:35:48

Health: -7/85      AC: 14    Str: 23    XL:     11   Next: 78%
Magic:  20/20      EV: 12    Int:  9    God:    Hepliaklqana [****..]
Gold:   799        SH:  9    Dex: 14    Spells: 10/10 levels left

rFire   . . .      SeeInvis .   j - +7 spear "Yhimpor" {pain, Str+3}
rCold   . . .      Faith    .   S - +0 buckler
rNeg    . . .      Spirit   .   t - +0 troll leather armour
rPois   .          Reflect  +   c - +0 helmet
rElec   .          Harm     .   N - +0 cloak
rCorr   .          Rampage  .   (no gloves)
Will    .....                   (boots unavailable)
Stlth   +.........              B - amulet of reflection
HPRegen 1.04/turn               z - ring of magical power
MPRegen 0.34/turn               Q - +4 ring of protection

@: no status effects
A: reduced essence, hooves 3, magic regeneration, sharp scales 2
a: Renounce Religion, Recall Ancestor, Ancestor Identity, Transference, Idealise


You were on level 11 of the Dungeon.
You worshipped Hepliaklqana.
Hepliaklqana was greatly pleased with you.
You visited 2 branches of the dungeon, and saw 12 of its levels.
You also visited: Sewer and Bailey.

You collected 869 gold pieces.
You spent 70 gold pieces at shops.

Inventory:

Hand Weapons
 j - the +7 spear "Yhimpor" (weapon) {pain, Str+3}
   (You found it on level 2 of the Dungeon)

   In the hands of one skilled in necromantic magic, it inflicts extra damage on
   living creatures.
   Str:       It affects your strength (+3).
 A - the +4 quarterstaff "Manylit" {vorpal, +Blink Str+6}
   (You took it off a gnoll bouda in a bailey)

   It inflicts extra damage upon your enemies.
   Str:       It affects your strength (+6).
   +Blink:    It lets you blink.
Missiles
 d - 7 throwing nets
 e - 9 javelins
 g - 50 poisoned darts (quivered)
 v - 8 curare-tipped darts
 J - 3 datura-tipped darts
Armour
 c - a +0 helmet (worn)
 t - a +0 troll leather armour (worn)
 D - a +1 leather armour of positive energy
 H - a +2 ring mail of cold resistance
 N - a +0 cloak (worn)
 S - a +0 buckler (worn)
Jewellery
 z - a ring of magical power (left hand)
 B - an amulet of reflection (around neck)
 P - a ring of magical power
 Q - a +4 ring of protection (right hand)
Wands
 u - a wand of flame (29)
 x - a wand of digging (3)
 y - a wand of charming (7)
Scrolls
 a - 3 scrolls of poison
 b - 2 scrolls of enchant weapon
 f - 2 scrolls of teleportation
 h - a scroll of torment
 n - 4 scrolls of immolation
 o - 3 scrolls of identify
 q - a scroll of vulnerability
 w - a scroll of blinking {unknown}
 E - 2 scrolls of magic mapping {unknown}
 F - a scroll of amnesia
 M - 2 scrolls of fear {unknown}
 R - a scroll of brand weapon {unknown}
Potions
 i - 5 potions of curing
 k - 3 potions of brilliance
 l - 2 potions of mutation {unknown}
 p - a potion of heal wounds
 r - 2 potions of ambrosia {unknown}
 s - 5 potions of flight
 G - a potion of magic {unknown}
 I - 2 potions of attraction {unknown}
 K - a potion of berserk rage {unknown}
 L - a potion of lignification {unknown}
 O - 2 potions of resistance {unknown}
Miscellaneous
 m - a lightning rod (4/4)
 C - a phantom mirror


   Skills:
 * Level 12.1 Fighting
 - Level 3.2(7.7) Axes
 * Level 10.8(11.1) Polearms
 - Level 1.7 Throwing
 * Level 7.8 Armour
 - Level 2.6 Dodging
 * Level 1.4 Shields
 - Level 2.0 Necromancy


You had 10 spell levels left.
You didn't know any spells.
Your spell library contained the following spells:

 Spells                   Type           Power      Damage    Failure   Level
 Magic Dart               Conj           0%         1d3       52%         1
 Call Imp                 Summ           0%         N/A       67%         2
 Ensorcelled Hibernation  Hex/Ice        0%         N/A       67%         2
 Passwall                 Tmut/Erth      0%         N/A       67%         2
 Static Discharge         Conj/Air       0%         3-3/arc   67%         2
 Mephitic Cloud           Conj/Pois/Air  0%         N/A       88%         3
 Swiftness                Air            0%         N/A       88%         3
 Dispel Undead            Necr           3%         3d7       95%         4
 Fulminant Prism          Conj/Hex       0%         3d6       99%         4
 Sticky Flame             Conj/Fire      0%         2d3       99%         4
 Fireball                 Conj/Fire      0%         3d3       100%        5
 Fire Storm               Conj/Fire      0%         5d1       100%        9


Dungeon Overview and Level Annotations

Branches:
Dungeon (11/15)            Temple (1/1) D:4            Lair (0/5) D:9
    Orc (0/2) D:10          Sewer (visited)          Bailey (visited)

Altars:
Ashenzari
Cheibriados
Dithmenos
Fedhas
Gozag
Hepliaklqana
Kikubaaqudgha
Makhleb
Nemelex Xobeh
Okawaru
Qazlal
Ru
Sif Muna
Trog
Uskayaw
Vehumet
Wu Jian
Xom
Yredelemnul

Shops:
D:6 *   D:7 (

Annotations:
D:5 2 transporters, nshep25's ghost, novice MiFi
D:11 Snorg


Innate Abilities, Weirdness & Mutations

Your life essence is reduced to manifest your ancestor. (-10% HP)
You have hooves in place of feet.
You regenerate magic rapidly.
You are mostly covered in razor-sharp scales. (AC +2, Slay +2)


Message History

Snorg is moderately wounded.
Maria hits Snorg with a +0 flail!
Snorg bites Maria!!
Maria is destroyed!
Snorg shouts!
You reach to attack!
You puncture Snorg!
Snorg is moderately wounded.
You puncture Snorg!
Snorg writhes in agony.
You kick Snorg.
Snorg is heavily wounded.
You hit Snorg.
Snorg writhes in agony.
You kick Snorg.
Snorg is heavily wounded.
Snorg bites you!! Snorg claws you but does no damage. Snorg claws you.
You puncture Snorg! You kick Snorg.
Snorg is severely wounded.
Snorg bites you! Snorg closely misses you. You block Snorg's attack.
Throw: 51 darts (poison)
Press: ? - help, Q - select action, (/) - cycle Shift-Dir - straight line, f/p - Snorg
Aim: Snorg (severely wounded, berserk, very poisoned, 67% to hit)
You throw a poisoned dart. The poisoned dart hits Snorg.
Snorg looks even sicker.
Snorg is severely wounded.
Snorg bites you! Snorg barely misses you. Snorg closely misses you.
You hit Snorg.
Snorg writhes in agony.
You kick Snorg!
Snorg is almost dead.
You block Snorg's attack. Snorg claws you!
* * * LOW HITPOINT WARNING * * *
Snorg claws you!
* * * LOW HITPOINT WARNING * * *
You feel much better. Snorg bites you!!
* * * LOW HITPOINT WARNING * * *
Snorg claws you but does no damage. You block Snorg's attack. Snorg misses you.
Snorg claws you!
* * * LOW HITPOINT WARNING * * *
You block Snorg's attack.
You closely miss Snorg. You kick Snorg.
Snorg is almost dead.
Snorg closely misses you. Snorg barely misses you. You block Snorg's attack.
You hit Snorg.
Snorg is almost dead.
Snorg bites you!
You die...

.#####....#
.....#....#
####.#....#
...#.#....###########
##.#.#..........R...#
##.#.#..#.#######.###
...#.#..#.#.......#
.....#..#.#.####..#
........#.#.# #@.#
#######.#.#.# #T.#
....# #.#.#.# #(.#
....# #.#.#.# #(.#
....# #.#.#.# #(.#
....# #.#.#<# #..#
....# #.#.### #..#
....###.#.# #..#
........#.#


You could see Snorg (berserk, very poisoned).

Vanquished Creatures
  4 two-headed ogres
  Pikel (D:7)
  A kobold demonologist (D:10)
  An unseen horror (D:11)
  A troll (D:6)
  Grinder (D:4)
  A wyvern (D:11)
  Sigmund (D:4)
  12 yaks
  A shadow (D:11)
  Eustachio (D:9)
  4 vampire mosquitoes (D:10)
  A water moccasin (D:8)
  A black bear (D:4)
  3 orc warriors
  3 sky beasts
  2 ogres
  3 wolves (Bailey)
  2 lemures (D:7)
  4 kobold brigands
  2 bullfrogs
  2 necrophages (D:5)
  10 gnoll sergeants
  3 scorpions
  8 killer bees
  A jelly (D:4)
  4 hounds
  2 gnoll boudas (Bailey)
  9 orc priests
  13 orc wizards
  2 iguanas
  18 gnolls
  15 adders
  A river rat (Sewer)
  3 ufetubi (D:5)
  A worm (D:4)
  2 dart slugs
  26 orcs
  8 ball pythons
  2 endoplasms
  4 giant cockroaches
  7 goblins
  5 hobgoblins (D:1)
  A jackal (Sewer)
  A quokka (D:3)
  9 bats
  4 frilled lizards
  17 kobolds
  8 rats
236 creatures vanquished.

Vanquished Creatures (collateral kills)
  A kobold demonologist (D:11)
  A troll (D:11)
  A shadow (D:10)
  A vampire (D:11)
  A yak (D:11)
  A steam dragon (D:9)
  A sky beast (D:6)
  4 wolves (Bailey)
  A lemure (D:7)
  2 centaurs
  2 kobold brigands
  4 bullfrogs
  A necrophage (D:6)
  A scorpion (D:7)
  2 gnoll sergeants (Bailey)
  3 wights (D:8)
  4 killer bees
  A howler monkey (D:9)
  2 hounds
  5 gnoll boudas (Bailey)
  An orc priest (D:9)
  2 orc wizards
  9 gnolls
  An adder (D:5)
  5 orcs
  A hobgoblin (D:4)
  2 jackals (Sewer)
  9 kobolds
  A rat (Sewer)
70 creatures vanquished.

Vanquished Creatures (others)
  6 knights
  An ancestor (D:6)
  6 plants (D:5)
13 creatures vanquished.

Grand Total: 319 creatures vanquished

Notes
Turn   | Place    | Note
-------+----------+-------------------------------------------
     0 | D:1      | firemarshallily the Demonspawn Gladiator began the quest
                  | for the Orb.
     0 | D:1      | Reached XP level 1. HP: 16/16 MP: 1/1
   309 | D:1      | Gained mutation: You are partially covered in razor-sharp
                  | scales. (AC +1, Slay +1) [demonic ancestry]
   309 | D:1      | Reached XP level 2. HP: 22/22 MP: 2/2
   413 | D:1      | Found a faded altar of an unknown god.
  1611 | D:2      | Reached XP level 3. HP: 20/28 MP: 3/3
  1881 | D:2      | Identified the +7 spear "Yhimpor" {pain, Str+3}
  2253 | D:3      | Reached skill level 1 in Armour
  2316 | D:3      | Reached skill level 3 in Fighting
  2384 | D:3      | Reached skill level 1 in Polearms
  2384 | D:3      | Gained mutation: You have large cloven feet. [demonic
                  | ancestry]
  2384 | D:3      | Reached XP level 4. HP: 33/35 MP: 4/4
  2413 | D:3      | Found a bloodstained altar of Trog.
  2584 | D:3      | Reached skill level 1 in Necromancy
  2676 | D:3      | Gained mutation: You are mostly covered in razor-sharp
                  | scales. (AC +2, Slay +2) [demonic ancestry]
  2676 | D:3      | Reached XP level 5. HP: 41/41 MP: 5/5
  3545 | D:4      | Noticed Grinder
  3551 | D:4      | Paralysed by Grinder for 3 turns
  3560 | D:4      | Killed Grinder
  3561 | D:4      | Reached skill level 4 in Fighting
  3561 | D:4      | Reached XP level 6. HP: 20/49 MP: 6/6
  3765 | D:4      | Found a staircase to the Ecumenical Temple.
  3796 | Temple   | Entered the Ecumenical Temple
  3825 | Temple   | Became a worshipper of Hepliaklqana the Forgotten
  4134 | D:4      | Reached XP level 7. HP: 49/55 MP: 7/7
  4240 | D:4      | Noticed Sigmund
  4252 | D:4      | Killed Sigmund
  4253 | D:4      | Reached skill level 5 in Fighting
  4465 | D:4      | You fall into a shaft and drop 1 floor!
  4465 | D:5      | Entered Level 5 of the Dungeon
  4491 | D:5      | Found a transporter.
  4497 | D:5      | Identified the +4 ring mail of the Earth {Int+4}
  4497 | D:5      | Identified the +3 kite shield "Cufan" {rElec Str+3}
  4625 | D:5      | Gained mutation: You have hoof-like feet. [demonic
                  | ancestry]
  4625 | D:5      | Reached XP level 8. HP: 52/64 MP: 8/8
  4638 | D:5      | Reached skill level 6 in Fighting
  4678 | D:5      | Reached skill level 5 in Polearms
  4824 | D:5      | Reached * piety under Hepliaklqana
  4850 | D:5      | Found a glowing drain.
  4878 | Sewer    | Entered a sewer
  5668 | D:5      | Found a transporter.
  5680 | D:5      | Identified the ring of Amelioration {rF++ rC- rCorr Str+6
                  | Int+4}
  5735 | D:5      | Noticed nshep25's ghost (novice MiFi)
  6076 | D:6      | Noticed a troll
  6086 | D:6      | Killed a troll
  6087 | D:6      | Reached skill level 7 in Fighting
  6327 | D:6      | Gained mutation: You regenerate magic rapidly. [demonic
                  | ancestry]
  6327 | D:6      | Reached XP level 9. HP: 61/64 MP: 9/9
  6680 | D:6      | Found Raogompu's General Store.
  6689 | D:6      | Bought a potion of heal wounds for 50 gold pieces
  6689 | D:6      | Bought a scroll of identify for 20 gold pieces
  6752 | D:6      | Reached ** piety under Hepliaklqana
  6753 | D:6      | Remembered your ancestor Maria as a knight
  6951 | D:7      | Noticed Pikel
  6978 | D:7      | Killed Pikel
  6979 | D:7      | Reached skill level 8 in Fighting
  6979 | D:7      | Reached skill level 5 in Armour
  7761 | D:7      | Found Nah Wuwa's Weapon Boutique.
  8178 | D:8      | Found a flagged portal.
  8178 | D:8      | Noticed a two-headed ogre
  8185 | D:8      | Reached skill level 9 in Fighting
  8195 | D:8      | Killed a two-headed ogre
  8196 | D:8      | Gained mutation: You have hooves in place of feet. [demonic
                  | ancestry]
  8196 | D:8      | Reached XP level 10. HP: 74/74 MP: 10/10
  8300 | Bailey   | Entered a bailey
  8689 | Bailey   | Identified the +4 quarterstaff "Manylit" {vorpal, +Blink
                  | Str+6}
  8766 | Bailey   | Got the Volume of Bolts
  8804 | Bailey   | Reached skill level 10 in Fighting
  9050 | D:8      | Reached *** piety under Hepliaklqana
  9069 | D:8      | Found a hide-covered altar of Uskayaw.
  9263 | D:8      | Noticed a two-headed ogre
  9280 | D:8      | Killed a two-headed ogre
  9558 | D:9      | Found a snail-covered altar of Cheibriados.
  9559 | D:9      | Noticed Eustachio
  9566 | D:9      | Reached XP level 11. HP: 79/82 MP: 11/11
  9584 | D:9      | Killed Eustachio
  9599 | D:9      | Reached skill level 11 in Fighting
  9876 | D:9      | Found a shimmering altar of Xom.
 10089 | D:9      | Found an ornate altar of the Wu Jian Council.
 10195 | D:9      | Found a staircase to the Lair.
 10219 | D:10     | Entered Level 10 of the Dungeon
 10275 | D:10     | Reached **** piety under Hepliaklqana
 10323 | D:10     | Reached skill level 10 in Polearms
 10538 | D:10     | Found a staircase to the Orcish Mines.
 10688 | D:10     | Found a radiant altar of Vehumet.
 10696 | D:10     | Found a blossoming altar of Fedhas.
 10697 | D:10     | Found a basalt altar of Yredelemnul.
 10697 | D:10     | Found a stormy altar of Qazlal.
 10698 | D:10     | Found an iron altar of Okawaru.
 10991 | D:11     | Noticed a two-headed ogre
 10997 | D:11     | Killed a two-headed ogre
 11417 | D:11     | Reached skill level 12 in Fighting
 11546 | D:11     | Noticed a two-headed ogre
 11556 | D:11     | Killed a two-headed ogre
 11557 | D:11     | Reached skill level 1 in Shields
 11715 | D:11     | Noticed Snorg
 11731 | D:11     | Mangled by Snorg

Illustrated notes

Levels and vault maps discovered:
D:1:      roderic_chinese_lattice_arrival, layout_basic,
          ebering_ecumenical_altar_abandoned, serial_aquarium,
          aquarium_bridge_long_separate [aquarium_subvault_balcony,
          aquarium_subvault_wall, aquarium_subvault_bridge,
          aquarium_subvault_wall, aquarium_subvault_window,
          aquarium_subvault_bridge], aquarium_bridge_straight
          [aquarium_subvault_bridge, aquarium_subvault_wall,
          aquarium_subvault_bridge, aquarium_subvault_window],
          aquarium_window_1, aquarium_window_corner, aquarium_window_corridor_2,
          aquarium_window_1, aquarium_view_2g, aquarium_view_2e,
          aquarium_pool_2, chequers_serial_rivers_large_a, minmay_tromino_v4_c
D:2:      layout_loops_ring
D:3:      layout_loops_corners, trog_book, minmay_misc_feat_x
D:4:      layout_gridville, minmay_temple_entry_metal_lava, uniq_grinder,
          uniq_sigmund
D:5:      layout_cave_pods, gammafunk_ghost_gnarly_gnolls, gup_sewer_entry_glass
D:6:      layout_basic, serial_shops, nicolae_shop_trees
D:7:      layout_basic, serial_shops, nicolae_shop_bloodbath_and_beyond,
          uniq_pikel
D:8:      layout_cave_pools, nicolae_overflow_hidden_temple, enter_bailey_2
D:9:      layout_roguey, cheibriados_altar_1, lemuel_crystal_altar,
          nzn_wu_jian_contemplation, lair_entry_dummy, grunt_decor_cap,
          sword_in_stone
D:10:     layout_loops_ring, minitemple, kennysheep_decorative_pillar,
          chequers_serial_rivers_micro_a, grunt_ministairs_2
D:11:     layout_basic, nicolae_eternal_life, nicolae_take_the_stairs,
          uniq_snorg
Temple:   hellmonk_temple_flake

Skill      XL: |  1  2  3  4  5  6  7  8  9 10 11 |
---------------+----------------------------------+-----
Axes           | 3 |  3.2
Armour         | 1 2 3 4 5 6 7 |  7.8
Fighting       | 3 4 5 7 9 10 12 | 12.1
Polearms       | 1 3 4 6 8 9 10 | 10.8
Necromancy     | 1 2 |  2.0
Shields        | 1 |  1.4
Throwing       | |  1.7
Dodging        | |  2.6

Action                   |  1- 3 |  4- 6 |  7- 9 | 10-12 || total
-------------------------+-------+-------+-------+-------++-------
Melee: War axe           |    66 |       |       |       ||    66
       Punch             |     2 |       |     2 |       ||     4
       Spear             |    14 |    76 |   234 |   423 ||   747
       Kick              |       |     7 |    43 |    49 ||    99
Throw: Javelin           |       |     5 |     1 |     3 ||     9
       Dart              |       |     4 |       |    14 ||    18
       Throwing net      |       |       |     1 |     1 ||     2
Invok: Recall Ancestor   |       |       |     2 |     1 ||     3
       Ancestor Identity |       |       |     1 |       ||     1
       Ancestor Life: Kn |       |       |     1 |       ||     1
  Use: Scroll            |       |     5 |     7 |     2 ||    14
       Potion            |       |       |     1 |     5 ||     6
 Stab: Distracted        |       |     1 |     2 |     2 ||     5
       Sleeping          |       |     1 |     1 |       ||     2
Armor: Leather armour    |    23 |    12 |    13 |       ||    48
       Ring mail         |     8 |     3 |       |       ||    11
       Troll leather arm |       |       |    19 |    38 ||    57
Dodge: Dodged            |    53 |    18 |    75 |    98 ||   244
Block: Other             |       |       |     1 |    28 ||    29
       Reflection        |       |       |       |     3 ||     3
       Buckler           |       |       |       |     5 ||     5
